 Dungeon Crawl Stone Soup version 0.28-a0-1506-g3893175d92 (webtiles) character file.

Game seed: 8224319270996782046

12770 HallandMoats the Fighter (level 11, -3/102 HPs)
             Began as a Ghoul Fighter on Jan 13, 2022.
             Was a Priest of Makhleb.
             Collided with a rock wall (10 damage)
             ... caused by a rakshasa
             ... on level 10 of the Dungeon.
             The game lasted 00:21:23 (12157 turns).

HallandMoats the Fighter (Ghoul Fighter)           Turns: 12157, Time: 00:21:26

Health: -3/102     AC: 19    Str: 21    XL:     11   Next: 98%
Magic:  15/15      EV:  7    Int:  5    God:    Makhleb [***...]
Gold:   523        SH: 11    Dex: 10    Spells: 10/10 levels left

rFire   . . .      SeeInvis +   b - +4 spear (freeze)
rCold   + . .      Faith    .   c - +1 buckler
rNeg    + + +      Spirit   .   r - +0 plate armour
rPois   ∞          Reflect  +   d - +1 helmet
rElec   .          Harm     .   (no cloak)
rCorr   .          Rampage  .   y - +2 pair of gloves
Will    .....                   t - +0 pair of boots
Stlth   ..........              k - amulet of reflection
HPRegen 0.00/turn               z - ring of see invisible
MPRegen 0.14/turn               (no ring)

@: inhibited regen
A: claws 1, cold resistance 1, negative energy resistance 3, inhibited
regeneration, torment resistance 2
a: Renounce Religion, Minor Destruction, Lesser Servant of Makhleb


You were on level 10 of the Dungeon.
You worshipped Makhleb.
Makhleb was most pleased with you.
You visited 1 branch of the dungeon, and saw 10 of its levels.
You also visited: Bailey.

You collected 523 gold pieces.

Inventory:

Hand Weapons
 a - a +1 war axe
 b - a +4 spear of freezing (weapon)
 E - a +3 morningstar
Missiles
 q - 42 poisoned darts (quivered)
Armour
 c - a +1 buckler (worn)
 d - a +1 helmet (worn)
 r - a +0 plate armour (worn)
 t - a +0 pair of boots (worn)
 y - a +2 pair of gloves (worn)
Jewellery
 k - an amulet of reflection (around neck)
 w - a ring of ice
 z - a ring of see invisible (left hand)
 F - a ring of wizardry
Wands
 D - a wand of digging (6)
 H - a wand of acid (7)
 I - a wand of mindburst (8)
Scrolls
 e - 2 scrolls of amnesia
 h - a scroll of enchant weapon
 o - a scroll of immolation
 s - 4 scrolls of magic mapping
 A - 3 scrolls of enchant armour
Potions
 f - 2 potions of curing
 g - a potion of magic {unknown}
 i - a potion of degeneration {unknown}
 j - a potion of heal wounds {unknown}
 n - 4 potions of mutation {unknown}
 p - a potion of attraction {unknown}
 u - 3 potions of haste {unknown}
 v - a potion of lignification {unknown}
 x - a potion of berserk rage {unknown}
 B - 2 potions of might


   Skills:
 * Level 11.0 Fighting
 * Level 9.0 Axes
 + Level 6.6 Armour
 + Level 5.9 Dodging
 + Level 6.7 Shields
 + Level 7.2 Invocations


You had 10 spell levels left.
You didn't know any spells.
Your spell library contained the following spells:

 Spells                   Type           Power      Damage    Failure   Level
 Conjure Flame            Conj/Fire      0%         6-21      100%        3
 Ignite Poison            Fire/Tmut/Pois 0%         N/A       100%        3
 Inner Flame              Hex/Fire       0%         N/A       100%        3
 Tukima's Dance           Hex            0%         N/A       100%        3
 Animate Dead             Necr           0%         N/A       100%        4
 Cause Fear               Hex            0%         N/A       100%        4
 Passage of Golubria      Tloc           0%         N/A       100%        4
 Sticky Flame             Conj/Fire      0%         2d3       100%        4
 Yara's Violent Unravell  Hex/Tmut       0%         3d3       100%        5
 Haunt                    Necr/Summ      0%         N/A       100%        7
 Malign Gateway           Summ/Tloc      0%         N/A       100%        7
 Discord                  Hex            0%         N/A       100%        8
 Infestation              Necr           0%         N/A       100%        8
 Summon Horrible Things   Summ           0%         N/A       100%        8


Dungeon Overview and Level Annotations

Branches:
Dungeon (10/15)            Temple (0/1) D:6            Lair (0/6) D:8
    Orc (0/2) D:9          Bailey (visited)

Altars:
Ashenzari
Cheibriados
Dithmenos
Kikubaaqudgha
Makhleb
Nemelex Xobeh
Qazlal
Ru
Trog
Uskayaw
Zin
The Shining One

Shops:
D:8 [


Innate Abilities, Weirdness & Mutations

You thrive by killing the living.
You are immune to poison.
You have sharp fingernails.
Your flesh is cold resistant. (rC+)
You are immune to negative energy. (rN+++)
You do not regenerate when monsters are visible.
You are immune to unholy pain and torment.


Message History

Your smoke demon hits the rakshasa.
Your orc warrior barely misses the rakshasa.
The rakshasa hits you from afar with a +0 trident!
* * * LOW HITPOINT WARNING * * *
Your smoke demon closely misses the rakshasa.
Your smoke demon hits the rakshasa but does no damage.
Your smoke demon hits the rakshasa.
Your orc warrior misses the rakshasa.
The rakshasa hits your smoke demon with a +0 trident!
Your smoke demon barely misses the rakshasa.
Your smoke demon hits the rakshasa but does no damage.
Your smoke demon hits the rakshasa.
Your orc warrior barely misses the rakshasa.
The rakshasa hits your smoke demon with a +0 trident!
Your smoke demon misses the rakshasa.
Your smoke demon hits the rakshasa.
Your smoke demon hits the rakshasa but does no damage.
Reach: b) +4 spear (freeze)
Press: ? - help, Dir - move target, f/p - rakshasa
Aim: a rakshasa, wielding a +0 trident and wearing a +0 robe (almost dead, ally target, about 41% to evade your +4 spear of freezing)
You reach to attack!
You miss the rakshasa.
The rakshasa is almost dead.
Your orc warrior misses the rakshasa.
The rakshasa hits you from afar with a +0 trident.
* * * LOW HITPOINT WARNING * * *
Your smoke demon hits the rakshasa.
Your smoke demon hits the rakshasa but does no damage.
Your smoke demon barely misses the rakshasa.
Unknown command.
Reach: b) +4 spear (freeze)
Press: ? - help, Dir - move target, f/p - rakshasa
Aim: a rakshasa, wielding a +0 trident and wearing a +0 robe (almost dead, ally target, about 41% to evade your +4 spear of freezing)
You reach to attack!
You hit the rakshasa but do no damage.
The rakshasa is almost dead.
Your orc warrior closely misses the rakshasa.
The rakshasa gestures at you. The lance of force hits you.
* * * LOW HITPOINT WARNING * * *
You are knocked back by the lance of force.
You slam into the rock wall!
You die...

#..............,,*
#....)..###+#..,,*
#.......#,,,*,.,,*
#.[...†.#,,,*,,,,*
#.......#,,,*,,,,*
#.......#,,,*,,,,*
#.R3....#****,,,,*
#..o....# *,,,,*
#@......# *,,,,*
######### *,,,,*
******


You could see a rakshasa (ally target), a friendly smoke demon (summoned) and a
friendly orc warrior (summoned).

Vanquished Creatures
  Joseph (D:7)
  A komodo dragon (D:8)
  A troll (D:10)
  Grinder (D:3)
  Prince Ribbit (D:5)
  A shadow (D:7)
  A wraith (D:8)
  7 yaks
  A steam dragon (D:6)
  Menkaure (D:6)
  A water moccasin (D:6)
  An ice beast (D:6)
  A sky beast (D:6)
  A necrophage (D:6)
  An orc warrior (D:6)
  4 ogres
  3 phantoms
  3 kobold brigands
  3 bullfrogs
  A water moccasin zombie (D:5)
  2 vampire bats (D:6)
  11 wights
  3 howler monkeys
  3 centaur zombies
  A bullfrog skeleton (D:5)
  An orc priest (D:8)
  2 hounds
  3 jellies
  A centaur skeleton (D:7)
  Ijyb (D:3)
  Natasha (twice) (D:3)
  3 iguanas
  5 orc wizards
  A killer bee zombie (D:7)
  Robin (D:2)
  5 gnolls
  6 adders
  A shadow imp (D:6)
  A white imp (D:5)
  A worm (D:2)
  2 dart slugs
  23 orcs
  5 bats
  2 bat skeletons (D:6)
  4 bat zombies (D:6)
  6 endoplasms
  6 giant cockroaches
  16 goblins
  9 hobgoblins
  6 jackals
  20 kobolds
  5 quokkas
  6 ball pythons
  6 frilled lizards
  24 rats
229 creatures vanquished.

Vanquished Creatures (collateral kills)
  4 two-headed ogres
  A deep elf pyromancer (D:10)
  An ugly thing (D:10)
  A centaur zombie (D:10)
  A hornet (D:10)
  A shadow (D:10)
  5 spriggans (Bailey)
  9 yaks
  A basilisk (D:10)
  An acid dragon (Bailey)
  5 ogres (Bailey)
  A centaur (D:10)
  3 wights (D:8)
  3 goblins (D:10)
37 creatures vanquished.

Vanquished Creatures (others)
  A kobold brigand (D:8)
  4 fungi (D:1)
  9 plants
14 creatures vanquished.

Grand Total: 280 creatures vanquished

Notes
Turn   | Place    | Note
-------+----------+-------------------------------------------
     0 | D:1      | HallandMoats the Ghoul Fighter began the quest for the Orb.
     0 | D:1      | Reached XP level 1. HP: 19/19 MP: 0/0
   116 | D:1      | Reached XP level 2. HP: 25/26 MP: 1/1
   434 | D:1      | Reached XP level 3. HP: 6/33 MP: 2/2
  1282 | D:1      | Found a faded altar of an unknown god.
  1307 | D:1      | Prayed at the altar of an unknown god.
  1307 | D:1      | Became a worshipper of Makhleb the Destroyer
  1307 | D:1      | Reached * piety under Makhleb
  1575 | D:2      | Reached skill level 1 in Invocations
  1597 | D:2      | Reached XP level 4. HP: 40/40 MP: 3/3
  1603 | D:2      | Reached ** piety under Makhleb
  1637 | D:2      | Reached skill level 4 in Fighting
  1714 | D:2      | Noticed Robin
  1728 | D:2      | Killed Robin
  1729 | D:2      | Reached skill level 1 in Dodging
  2213 | D:3      | Reached XP level 5. HP: 46/46 MP: 5/5
  2436 | D:3      | Reached *** piety under Makhleb
  2497 | D:3      | Noticed Natasha
  2505 | D:3      | Killed Natasha
  2536 | D:3      | Found a stormy altar of Qazlal.
  2609 | D:3      | Noticed Grinder
  2629 | D:3      | Killed Grinder
  2630 | D:3      | Reached XP level 6. HP: 19/55 MP: 6/6
  2861 | D:3      | Reached skill level 5 in Fighting
  3301 | D:4      | Reached XP level 7. HP: 56/61 MP: 7/7
  3438 | D:4      | Noticed Ijyb
  3481 | D:3      | Noticed Natasha
  3489 | D:3      | Killed Natasha
  3587 | D:3      | Killed Ijyb
  3927 | D:4      | Found a sacrificial altar of Ru.
  3928 | D:4      | Found a burning altar of Makhleb.
  4028 | D:4      | Found a sparkling altar of Nemelex Xobeh.
  4447 | D:5      | Entered Level 5 of the Dungeon
  4521 | D:5      | Noticed Prince Ribbit
  4674 | D:5      | Killed Prince Ribbit
  4675 | D:5      | Reached XP level 8. HP: 69/70 MP: 9/9
  4711 | D:5      | Identified the +0 robe "Dori Sudaz" {+Inv rF- Regen+ Str+4}
  5192 | D:5      | Reached skill level 6 in Fighting
  5682 | D:6      | Found a staircase to the Ecumenical Temple.
  6033 | D:6      | Reached **** piety under Makhleb
  6234 | D:6      | Reached skill level 5 in Axes
  6596 | D:6      | Found an ancient bone altar of Kikubaaqudgha.
  6777 | D:6      | Reached XP level 9. HP: 78/78 MP: 11/11
  6790 | D:7      | Reached skill level 7 in Fighting
  6917 | D:7      | Noticed Menkaure
  6941 | D:6      | Killed Menkaure
  6971 | D:7      | Noticed Joseph
  7482 | D:7      | Killed Joseph
  7483 | D:7      | Reached skill level 5 in Shields
  7757 | D:7      | Reached skill level 8 in Fighting
  7757 | D:7      | Reached skill level 5 in Armour
  7757 | D:7      | Reached skill level 5 in Invocations
  7827 | D:7      | Found a snail-covered altar of Cheibriados.
  8246 | D:8      | Reached XP level 10. HP: 88/88 MP: 12/12
  8272 | D:8      | Found a staircase to the Lair.
  9124 | D:8      | Found Yppinuenn's Armour Emporium.
  9910 | D:8      | Reached skill level 9 in Fighting
 10543 | D:9      | Found a broken altar of Ashenzari.
 10660 | D:9      | Found a staircase to the Orcish Mines.
 10764 | D:9      | Found a hide-covered altar of Uskayaw.
 10764 | D:9      | Found a bloodstained altar of Trog.
 10764 | D:9      | Found a shadowy altar of Dithmenos.
 11045 | D:10     | Entered Level 10 of the Dungeon
 11056 | D:10     | Found a flagged portal.
 11064 | Bailey   | Entered a bailey
 11146 | Bailey   | Reached skill level 5 in Dodging
 11146 | Bailey   | Reached XP level 11. HP: 43/97 MP: 14/14
 11162 | Bailey   | Noticed a two-headed ogre
 11168 | Bailey   | Killed a two-headed ogre
 11190 | Bailey   | Reached skill level 10 in Fighting
 11909 | D:10     | Noticed a two-headed ogre
 11909 | D:10     | Noticed a deep elf pyromancer
 11919 | D:10     | Killed a two-headed ogre
 11922 | D:10     | Noticed a two-headed ogre
 11924 | D:10     | Noticed a rakshasa
 11927 | D:10     | Killed a deep elf pyromancer
 11936 | D:10     | Killed a two-headed ogre
 11949 | D:10     | Noticed a two-headed ogre
 11951 | D:10     | HP: 1/101 [two-headed ogre (12)]
 11965 | D:10     | Killed a two-headed ogre
 11990 | D:10     | Noticed a green ugly thing
 11996 | D:10     | Killed a green ugly thing
 11997 | D:10     | Reached skill level 11 in Fighting
 12157 | D:10     | Collided with a rock wall

Illustrated notes

Levels and vault maps discovered:
D:1:      shiori_arrival_maze, layout_basic,
          shapermc_ecumenical_altar_mp_urbaneastern
D:2:      layout_loops_ring, minmay_rat_hole, uniq_robin
D:3:      minmay_chambers_of_threes, layout_basic, amcnicky_altar_gilded,
          uniq_grinder, uniq_natasha
D:4:      layout_gridville, lemuel_round_altar, minitemple, minmay_surrounded,
          uniq_ijyb
D:5:      layout_gridville, zin_treasury, uniq_prince_ribbit1
D:6:      layout_basic, kennysheep_vampire_church, lemuel_crystal_altar,
          minmay_temple_entry_glass
D:7:      layout_cave_pools, general_overflow_altar, grunt_ministairs_6,
          uniq_joseph, uniq_menkaure
D:8:      layout_loops_ring, david_lair_shrubbed, serial_shops,
          kennysheep_little_box, ebering_dispersal_statue_hall,
          grunt_ministairs_2
D:9:      layout_cross, ashenzari_altar_1, gammafunk_temple_overflow_forgotten
D:10:     minmay_the_grid_four_pointed_star_mashed
          [minmay_the_grid_triangle_9x9_dagger,
          minmay_the_grid_triangle_9x9_skeleton,
          minmay_the_grid_triangle_9x9_thin_v,
          minmay_the_grid_triangle_9x9_swiss_cheese,
          minmay_the_grid_prize_big_room], layout_gridville, lemuel_tele_altar,
          nicolae_trove_entry_crossroad, enter_bailey_3

Skill      XL: |  1  2  3  4  5  6  7  8  9 10 11 |
---------------+----------------------------------+-----
Axes           | 2 3 4 5 6 7 9 |  9.0
Invocations    | 1 2 3 4 5 6 7 |  7.2
Shields        | 3 4 5 6 |  6.7
Fighting       | 4 5 6 8 9 11 | 11.0
Armour         | 3 4 5 6 |  6.6
Dodging        | 1 2 3 4 5 |  5.9

Action                   |  1- 3 |  4- 6 |  7- 9 | 10-12 || total
-------------------------+-------+-------+-------+-------++-------
Melee: War axe           |   118 |    77 |    32 |       ||   227
       Short sword       |       |    65 |   434 |       ||   499
       Dagger            |       |       |   129 |       ||   129
       Spear             |       |       |     7 |   341 ||   348
Throw: Dart              |       |       |    13 |       ||    13
Invok: Lesser Servant of |       |       |     2 |    20 ||    22
  Use: Potion            |       |     1 |       |     1 ||     2
       Scroll            |       |       |     8 |    10 ||    18
 Stab: Distracted        |       |       |       |     1 ||     1
Armor: Scale mail        |    46 |    77 |    64 |       ||   187
       Plate armour      |       |       |   287 |   174 ||   461
Dodge: Dodged            |    66 |    73 |   163 |    92 ||   394
Block: Buckler           |    24 |    82 |   333 |   182 ||   621
       Reflection        |       |     1 |     5 |     4 ||    10

Table legend: (Time is in decaauts)
 A = Elapsed time spent in this place.
 B = Non-inter-level travel time spent in this place.
 C = Inter-level travel time spent in this place.
 D = Time resting spent in this place.
 E = Time spent auto-exploring this place.
 F = Levels seen in this place.
 G = Mean time per level.
                   A        B        C        D        E       F      G
               +--------+--------+--------+--------+--------+-----+--------+
         Total |  12287 |  12035 |    252 |   1904 |   7404 |  11 | 1117.0 |
       Dungeon |  11796 |  11544 |    252 |   1904 |   7118 |  10 | 1179.6 |
        Bailey |    490 |    490 |      0 |      0 |    285 |   1 |  490.0 |
               +--------+--------+--------+--------+--------+-----+--------+

Top non-repeatable levels by time:
     D:8: 2201 daAuts
     D:6: 1588 daAuts
     D:3: 1502 daAuts
     D:1: 1447 daAuts
     D:5: 1117 daAuts
     D:4: 1062 daAuts
     D:7: 844 daAuts
     D:9: 723 daAuts
     D:2: 676 daAuts
    D:10: 632 daAuts
  Bailey: 490 daAuts
